 Dungeon Crawl Stone Soup version 0.20.1-1-g8b1a95d (webtiles) character file.

4505 kaze the Cleaver (level 10, -25/90 HPs)
             Began as a Hill Orc Berserker on Sept 8, 2017.
             Was an Elder of Trog.
             Annihilated by an orc warrior
             ... wielding a +0 glaive
              (27 damage)
             ... on level 8 of the Dungeon.
             The game lasted 00:19:53 (5401 turns).

kaze the Cleaver (Hill Orc Berserker)               Turns: 5401, Time: 00:19:55

Health: -25/90     AC: 10    Str: 24    XL:     10   Next: 39%
Magic:  10/10      EV: 10    Int:  3    God:    Trog [****..]
Gold:   91         SH:  5    Dex:  6    Spells: 9/9 levels left

rFire    + + .     SeeInvis +   u - +0 war axe
rCold    + + +     Gourm    .   F - +2 buckler of Houh {rPois rN+ rCorr Int-4}
rNeg     + . .     Faith    +   H - +1 scale mail of Autotheism {rElec rC+++ rCorr Dex-4}
rPois    +         Spirit   .   (no helmet)
rElec    +         Reflect  .   (no cloak)
rCorr    +         Harm     .   (no gloves)
MR       ++...                  y - +0 pair of boots
Stlth    ..........             o - amulet of faith
Regen    1.7/turn               m - ring of protection from fire
MPRegen  0.2/turn               s - ring of see invisible

@: berserk cooldown, starving, regenerating, slowed, very slow
A: fire resistance 1, poison resistance, regeneration 1
a: Berserk, Trog's Hand, Brothers in Arms, Burn Spellbooks, Renounce Religion,
Convert to Beogh


You were on level 8 of the Dungeon.
You worshipped Trog.
Trog was greatly pleased with you.
You were starving.

You visited 1 branch of the dungeon, and saw 8 of its levels.

You collected 370 gold pieces.
You spent 279 gold pieces at shops.

Inventory:

Hand Weapons
 u - a +0 war axe (weapon)
 E - a +0 long sword of freezing
Armour
 l - a +4 chain mail of poison resistance
 y - a +0 pair of boots (worn)
 F - the +2 buckler of Houh (worn) {rPois rN+ rCorr Int-4}
   (You found it on level 6 of the Dungeon)

   It affects your intelligence (-4).
   It protects you from poison.
   It protects you from negative energy.
   It protects you from acid and corrosion.
 H - the +1 scale mail of Autotheism (worn) {rElec rC+++ rCorr Dex-4}
   (You bought it in a shop on level 6 of the Dungeon)

   It affects your dexterity (-4).
   It renders you almost immune to cold.
   It insulates you from electricity.
   It protects you from acid and corrosion.
Jewellery
 m - a ring of protection from fire (left hand)
 o - an amulet of faith (around neck)
 s - a ring of see invisible (right hand)
Wands
 a - a wand of iceblast (11/15)
 r - a wand of polymorph (14/24)
 B - a wand of flame (21/48)
Scrolls
 b - a scroll of enchant armour {unknown}
 d - 4 scrolls of teleportation
 j - 2 scrolls of magic mapping {unknown}
 n - 5 scrolls of enchant weapon
 p - 4 scrolls of fear
 q - 4 scrolls of remove curse
 t - a scroll of blinking {unknown}
 C - a scroll of recharging {unknown}
 G - a scroll of silence {unknown}
Potions
 e - a potion of heal wounds {unknown}
 g - 2 potions of brilliance {unknown}
 h - a potion of mutation {unknown}
 k - 2 potions of haste {unknown}
 v - 2 potions of resistance {unknown}
 w - a potion of curing
 x - 2 potions of agility {unknown}
 z - a potion of lignification {unknown}
 A - a potion of flight {unknown}
Comestibles
 c - 7 bread rations
 f - 5 meat rations
 i - 8 fruits
 D - 2 royal jellies


   Skills:
 + Level 8.8 Fighting
 + Level 13.7 Axes
 + Level 7.5 Armour
 + Level 3.3 Dodging
 + Level 0.5 Stealth
 + Level 2.5 Shields


You had 9 spell levels left.
You didn't know any spells.

Dungeon Overview and Level Annotations

Branches:
Dungeon (8/15)             Temple (0/1) D:6
   Lair: D:8-11

Altars:
Ashenzari
Cheibriados
Dithmenos
Elyvilon
Fedhas
Gozag
Kikubaaqudgha
Okawaru
Trog
Vehumet
Yredelemnul
The Shining One

Shops:
D:6 [   D:8 (:

Annotations:
D:8 gobwax's ghost, novice MfSk


Innate Abilities, Weirdness & Mutations

Your flesh is heat resistant. (rF+)
Your system is resistant to poisons. (rPois)
Your natural rate of healing is unusually fast.


Message History

You barely miss gobwax's ghost.
Gobwax's ghost is severely damaged.
Gobwax's ghost closely misses you. The orc warrior closely misses you.
Gobwax's ghost hits you!
* * * LOW HITPOINT WARNING * * *
The orc warrior hits you from afar with a glaive!
* * * LOW HITPOINT WARNING * * *
Gobwax's ghost hits you but does no damage.
The orc priest invokes the aid of Beogh against you.
Beogh smites you!
* * * LOW HITPOINT WARNING * * *
The orc warrior hits you from afar with a glaive.
* * * LOW HITPOINT WARNING * * *
You feel better.
You feel the effects of Trog's Hand fading.
Gobwax's ghost hits you!
* * * LOW HITPOINT WARNING * * *
Gobwax's ghost hits you but does no damage.
The orc warrior hits you from afar with a glaive!!
You die...

### #### #.. #..# #.# #8.# #.#
#..# #.# #..# #.#######
############∩.########.......#.#
.................Wooo.(.......>#
############..##@#####..####.#..
#8.##.# #..# #..##.# #..#
#####.# #..# #.# #..# #.# #..#
#.# #..# #.#


You could see an orc warrior, an orc priest, gobwax's ghost and an orc.

Vanquished Creatures
  Pikel (D:5)
  Grinder (D:3)
  A hippogriff (D:7)
  A wyvern (D:6)
  A spriggan (D:7)
  Duvessa (D:5)
  2 orc warriors
  2 slaves (D:5)
  3 ice beasts
  A phantom (D:5)
  3 sky beasts
  3 ogres
  4 centaurs
  A big kobold (D:8)
  3 bullfrogs
  2 scorpions
  Dowan (D:5)
  12 killer bees (D:7)
  A howler monkey (D:5)
  A crimson imp (D:7)
  A jelly (D:6)
  A quasit (D:6)
  A bullfrog zombie (D:5)
  4 hounds
  3 orc priests
  10 orc wizards
  Jessica (D:3)
  An iguana (D:5)
  Terence (D:2)
  Robin (D:3)
  12 adders
  3 oozes
  3 worms
  3 leopard geckos
  19 orcs
  3 bats
  7 giant cockroaches
  20 goblins
  5 hobgoblins
  3 jackals (D:2)
  6 quokkas
  7 frilled lizards
  13 kobolds
  2 leopard gecko skeletons
  3 rats
178 creatures vanquished.

Notes
Turn   | Place    | Note
-------+----------+-------------------------------------------
     0 | D:1      | kaze the Hill Orc Berserker began the quest for the Orb.
     0 | D:1      | Reached XP level 1. HP: 19/19 MP: 1/1
   140 | D:1      | Reached XP level 2. HP: 22/27 MP: 2/2
   434 | D:1      | Reached ** piety under Trog
   687 | D:2      | Noticed Terence
   697 | D:2      | Killed Terence
   697 | D:2      | Reached skill level 5 in Axes
   697 | D:2      | Reached XP level 3. HP: 22/33 MP: 3/3
   817 | D:2      | Found a faded altar of an unknown god.
   854 | D:2      | Reached XP level 4. HP: 38/41 MP: 4/4
  1294 | D:2      | Found a glowing golden altar of the Shining One.
  1508 | D:3      | Noticed Jessica
  1516 | D:3      | Killed Jessica
  1516 | D:3      | Reached *** piety under Trog
  1516 | D:3      | Reached XP level 5. HP: 47/47 MP: 5/5
  1591 | D:3      | Noticed Robin
  1599 | D:3      | Reached skill level 6 in Axes
  1607 | D:3      | Killed Robin
  1743 | D:3      | Noticed Grinder
  1769 | D:3      | Killed Grinder
  1769 | D:3      | Reached skill level 5 in Fighting
  1769 | D:3      | Reached skill level 7 in Axes
  1769 | D:3      | Reached XP level 6. HP: 45/56 MP: 6/6
  1925 | D:3      | Found a blossoming altar of Fedhas.
  1925 | D:3      | Found an iron altar of Okawaru.
  2064 | D:4      | Noticed an ice beast
  2070 | D:4      | Killed an ice beast
  2070 | D:4      | Reached skill level 8 in Axes
  2070 | D:4      | Reached XP level 7. HP: 61/61 MP: 7/7
  2195 | D:4      | Found an iron altar of Okawaru.
  2294 | D:4      | Found a white marble altar of Elyvilon.
  2422 | D:4      | Found a basalt altar of Yredelemnul.
  2658 | D:5      | Entered Level 5 of the Dungeon
  2696 | D:5      | Noticed Dowan
  2697 | D:5      | Noticed Duvessa
  2707 | D:5      | Noticed Pikel
  2713 | D:5      | Killed Dowan
  2728 | D:5      | Killed Pikel
  2728 | D:5      | Reached skill level 9 in Axes
  2728 | D:5      | Reached skill level 5 in Armour
  2728 | D:5      | Reached XP level 8. HP: 54/71 MP: 8/8
  2738 | D:5      | Killed Duvessa
  2738 | D:5      | Reached skill level 10 in Axes
  2748 | D:5      | Gained mutation: Your flesh is heat resistant. (rF+) [mutagenic meat]
  2749 | D:5      | Gained mutation: Your natural rate of healing is unusually fast. [mutagenic meat]
  2750 | D:5      | Gained mutation: Your system is resistant to poisons. (rPois) [mutagenic meat]
  2919 | D:5      | Reached **** piety under Trog
  3488 | D:5      | Reached skill level 11 in Axes
  3488 | D:5      | Reached XP level 9. HP: 79/79 MP: 9/9
  3715 | D:6      | Got a brightly glowing buckler
  3716 | D:6      | Identified the +2 buckler of Houh {rPois rN+ rCorr Int-4} (You found it on level 6 of the Dungeon)
  3866 | D:6      | Found Qinug's Antique Armour Boutique.
  3881 | D:6      | Found an opulent altar of Gozag.
  3885 | D:6      | Reached skill level 12 in Axes
  3959 | D:6      | Found a staircase to the Ecumenical Temple.
  4198 | D:6      | Found an ancient bone altar of Kikubaaqudgha.
  4394 | D:7      | Received a gift from Trog
  4527 | D:7      | Reached skill level 1 in Shields
  4554 | D:7      | Found a shattered altar of Ashenzari.
  4582 | D:7      | Reached skill level 13 in Axes
  4582 | D:7      | Reached XP level 10. HP: 83/90 MP: 10/10
  4772 | D:7      | Found a bloodstained altar of Trog.
  4830 | D:7      | Reached ***** piety under Trog
  4833 | D:7      | Found a snail-covered altar of Cheibriados.
  4854 | D:7      | Found a shadowy altar of Dithmenos.
  4896 | D:7      | Found a radiant altar of Vehumet.
  5163 | D:6      | Bought a bloodstained scale mail for 279 gold pieces
  5173 | D:6      | Identified the +1 scale mail of Autotheism {rElec rC+++ rCorr Dex-4} (You bought it in a shop on level 6 of the Dungeon)
  5321 | D:8      | Found Maytha Erro's Weapon Shop.
  5358 | D:8      | Found Fiusec's Book Boutique.
  5374 | D:8      | Noticed gobwax's ghost (novice MfSk)
  5399 | D:8      | HP: 3/90 [orc priest/divine providence (10)]
  5401 | D:8      | Annihilated by an orc warrior

Skill      XL: |  1  2  3  4  5  6  7  8  9 10 |
---------------+-------------------------------+-----
Fighting       | 4 5 6 7 8 |  8.8
Axes           | 5 7 8 9 11 13 | 13.7
Dodging        | 2 3 |  3.3
Armour         | 3 5 7 |  7.5
Shields        | 1 2 |  2.5
Stealth        | |  0.5

Action                   |  1- 3 |  4- 6 |  7- 9 | 10-12 || total
-------------------------+-------+-------+-------+-------++-------
Melee: Hand axe          |    93 |   117 |       |       ||   210
       War axe           |       |    66 |   314 |    94 ||   474
Invok: Berserk           |     1 |     3 |     2 |     2 ||     8
       Trog's Hand       |       |     2 |     2 |     1 ||     5
  Use: Scroll            |     2 |     5 |     2 |       ||     9
       Potion            |       |       |       |     1 ||     1
  Eat: Chunk             |     1 |     5 |    11 |     3 ||    20
       Bread ration      |       |     1 |       |       ||     1
Armor: Animal skin       |     9 |       |       |       ||     9
       Chain mail        |    22 |   115 |   187 |    41 ||   365
       Scale mail        |       |       |       |    10 ||    10
Dodge: Dodged            |    54 |    72 |   111 |    48 ||   285
Block: Buckler           |       |       |    35 |    35 ||    70
